 Dungeon Crawl Stone Soup version 0.31.0-4-g52a2dc7128 (webtiles) character file.

Game seed: 7913083155749134838

48959 Colgate the Grappler (level 14, -13/111 HPs)
             Began as a Vampire Shapeshifter on Jan 22, 2024.
             Was a Follower of Uskayaw.
             Killed from afar by a fire giant (15 damage)
             ... with a bolt of fire
             ... created by the fury of Okawaru
             ... on level 5 of the Lair of Beasts.
             The game lasted 02:02:47 (22794 turns).

Colgate the Grappler (Vampire Shapeshifter)        Turns: 22794, Time: 02:02:47

Health: -13/111    AC:  8    Str: 19    XL:     14   Next: 14%
Magic:  23/23      EV: 15    Int: 16    God:    Uskayaw [*.....]
Gold:   731        SH:  5    Dex: 15    Spells: 13/13 levels left

rFire   + +          .
                       - Unarmed
rCold   . . .        x - +0 buckler
rNeg    . . .        (body armour currently unavailable)
rPois   .            Q - +0 helmet
rElec   .            H - +1 cloak
rCorr   .            t - +3 pair of gauntlets of War {Slay+5}
SInv    +            i - +0 pair of boots
Will    +....        u - amulet of faith
Stlth   ++++         G - ring of protection from fire
HPRegen 0.58/turn    c - ring "Feyriorgh" {rF+ Str+2 Int+4 Stlth+}
MPRegen 0.18/turn

%: faith
@: lethally poisoned (-13 -> -33), about to teleport, maw-form, healing quickly
A: devouring maw, alive, fangs 3, see invisible, vampiric 2
a: Exsanguinate, Begin Untransformation, Renounce Religion, Stomp


You were on level 5 of the Lair of Beasts.
You worshipped Uskayaw.
Uskayaw was pleased with you.
You were a creature with a mouth for a stomach.
You visited 4 branches of the dungeon, and saw 20 of its levels.
You also visited: Gauntlet and Volcano.

You collected 1611 gold pieces.
You spent 880 gold pieces at shops.

Inventory:

Hand Weapons
 a - the +8 dagger "Ocyroemp" {spect, rElec rN+ Int-4 Dex+3}
   (You found it on level 3 of the Dungeon)

   Int-4:     It affects your intelligence (-4).
   Dex+3:     It affects your dexterity (+3).
   rElec:     It insulates you from electricity.
   rN+:       It protects you from negative energy.
 g - the +4 falchion of Colgate's Slow Death {heavy, rElec rF+ Dex+3}
   (You found it on level 3 of the Lair of Beasts)

   Dex+3:     It affects your dexterity (+3).
   rF+:       It protects you from fire.
   rElec:     It insulates you from electricity.
Missiles
 f - a datura-tipped dart
 R - 22 boomerangs (quivered)
 T - 8 atropa-tipped darts
 U - 10 curare-tipped darts
 V - 2 darts of dispersal
 W - 30 poisoned darts
 X - 11 javelins
 Y - 3 throwing nets {!f}
 Z - 3 silver javelins
Armour
 i - a +0 pair of boots (worn)
 r - a +0 kite shield
 t - the +3 pair of gauntlets of War (worn) {Slay+5}
   (Okawaru gifted it to you on level 4 of the Lair of Beasts)

   Slay+5:    It affects your accuracy & damage with ranged weapons and melee
   (+5).
 x - a +0 buckler (worn)
 H - a +1 cloak (worn)
 Q - a +0 helmet (worn)
Jewellery
 c - the ring "Feyriorgh" (right hand) {rF+ Str+2 Int+4 Stlth+}
   (You found it in a Gauntlet)

   [ring of protection from fire]

   Str+2:     It affects your strength (+2).
   Int+4:     It affects your intelligence (+4).
   rF+:       It protects you from fire.
   Stlth+:    It makes you more stealthy.
 j - a ring of willpower
 o - a ring of protection from cold
 u - an amulet of faith (around neck)
 G - a ring of protection from fire (left hand)
Talismans
 L - a maw talisman (active)
Wands
 d - a wand of iceblast (1) {@v2}
 C - a wand of light (7) {@v1}
 E - a wand of flame (8)
 F - a wand of digging (7) {@v3}
Scrolls
 e - 5 scrolls of blinking {@r4}
 p - a scroll of teleportation {@r3}
 s - 6 scrolls of fear
 v - 4 scrolls of fog
 z - 5 scrolls of immolation
 B - 4 scrolls of poison
 D - a scroll of brand weapon
 J - 2 scrolls of silence
 K - a scroll of revelation
 N - 3 scrolls of noise
 P - a scroll of vulnerability
 S - 2 scrolls of amnesia
Potions
 b - 4 potions of lignification
 h - 8 potions of curing {@q1}
 k - a potion of heal wounds {@q2}
 l - 2 potions of haste {@q4}
 m - 2 potions of enlightenment
 n - a potion of brilliance
 q - a potion of mutation {unknown}
 w - a potion of ambrosia {unknown}
 A - a potion of magic
 I - a potion of cancellation {unknown}
 M - a potion of degeneration {unknown}
 O - a potion of might {@q3}


   Skills:
 - Level 10.3 Fighting
 - Level 2.9 Short Blades
 - Level 4.1 Armour
 - Level 7.7 Dodging
 - Level 6.3 Stealth
 - Level 2.7 Shields
 + Level 14.4 Unarmed Combat
 - Level 12.0 Invocations
 - Level 2.3 Evocations
 - Level 12.0 Shapeshifting


You had 13 spell levels left.
You didn't know any spells.
Your spell library contained the following spells:

 Spells                   Type           Power      Damage    Failure   Level
 Foxfire                  Conj/Fire      0%         2x1d4     32%         1
 Magic Dart               Conj           0%         1d3       32%         1
 Cigotuvi's Dreadful Rot  Necr/Alch/Air  0%         N/A       43%         2
 Ensorcelled Hibernation  Hex/Ice        0%         N/A       43%         2
 Searing Ray              Conj           0%         2d4       43%         2
 Sublimation of Blood     Necr           0%         N/A       43%         2
 Fugue of the Fallen      Necr           0%         N/A       67%         3
 Passwall                 Erth           0%         N/A       67%         3
 Swiftness                Air            0%         N/A       67%         3
 Anguish                  Hex/Necr       0%         N/A       97%         4
 Fulminant Prism          Conj/Alch      0%         3d5       97%         4
 Ignite Poison            Fire/Alch      0%         N/A       97%         4
 Petrify                  Alch/Erth      0%         N/A       97%         4
 Freezing Cloud           Conj/Ice/Air   0%         6-21      100%        5
 Irradiate                Conj/Alch      0%         3d11      100%        5
 Plasma Beam              Fire/Air       0%         2x1d10    100%        6
 Starburst                Conj/Fire      0%         6d3       100%        6


Dungeon Overview and Level Annotations

Branches:
Dungeon (12/15)            Temple (1/1) D:6            Lair (5/5) D:10
  Swamp (0/4) Lair:3       Spider (0/4) Lair:2        Slime (0/5) Lair:4
    Orc (2/2) D:10        Volcano (visited)         Gauntlet (visited)
    Elf: Orc:2

Altars:
Ashenzari
Cheibriados
Dithmenos
Fedhas
Gozag
Hepliaklqana
Kikubaaqudgha
Makhleb
Nemelex Xobeh
Okawaru
Qazlal
Ru
Sif Muna
Trog
Uskayaw
Vehumet
Wu Jian
Xom
Yredelemnul

Shops:
D:4 :   D:9 :

Annotations:
D:8 2 transporters
D:10 2 transporters
Lair:5 Snorg
Orc:2 Erolcha


Innate Abilities, Weirdness & Mutations

You are a creature with a mouth for a stomach.
Your midsection houses a second, enormous mouth.
Your natural rate of healing is accelerated.
You have razor-sharp teeth.
You have supernaturally acute eyesight. (SInv)
You are afflicted with vampirism and can become a bat while bloodless.


Message History

an amulet of guardian spirit; an amulet of reflection You can no longer pass through a line of other dancers.
You see here a +0 spear.
Found 15 gold pieces.
You start resting.
Okawaru sends forces against you! The divine experience confuses you!
You are confused.
A frost giant, a fire giant, a merfolk impaler and 3 merfolk come into view.
The frost giant is wielding a +1 battleaxe of freezing.
The fire giant is wielding a +0 great sword of flaming.
The merfolk impaler is wielding a +4 trident of venom.
You feel better.
As you read the scroll of teleportation {@r3}, it crumbles to dust.
You feel strangely unstable.
The merfolk shouts!
The frost giant hits you with a +1 battleaxe of freezing!!
The frost giant freezes you.
The merfolk impaler hits you from afar with a +4 trident of venom!
The fire giant hits you with a +0 great sword of flaming!
The fire giant burns you. The merfolk impaler closely misses you.
The merfolk completely misses you.
The fire giant attacks as it pursues you!
The fire giant completely misses you. You block the merfolk's attack.
The merfolk impaler barely misses you.
The merfolk impaler hits you from afar with a +4 trident of venom!!
* * * LOW HITPOINT WARNING * * *
You are lethally poisoned!
The merfolk attacks as it pursues you!
The merfolk hits you from afar with a +0 halberd.
* * * LOW HITPOINT WARNING * * *
The fire giant attacks as it pursues you!
The fire giant completely misses you.
The merfolk throws a boomerang.
The boomerang closely misses you.
You feel better.
The merfolk impaler hits you from afar with a +4 trident of venom!
* * * LOW HITPOINT WARNING * * *
You are lethally poisoned!
The merfolk impaler barely misses you. The merfolk closely misses you. x2
The fire giant points at you and mumbles some strange words.
The bolt of fire hits you! You resist.
You die...

### #### ..# ##..#######
.#######P..##.#CW#.#.P.
"......)......C.........
.#.....#..#.##.mmm...#..
#.#....#########m...#.#
.##....# #....# #
.#.....P# .#...#
.###...... # .$.# ..
.....PP. ...#
.P#......... ....... #.


You could see a frost giant, a fire giant, a merfolk impaler and 3 merfolk.

Vanquished Creatures
  A stone giant (Volcano)
  6 hydras
  A catoblepas (Lair:4)
  A centaur warrior (Lair:5)
  A two-headed ogre (D:11)
  Erica (Lair:2)
  A boulder beetle (D:11)
  4 death yaks (Lair:4)
  Sonja (D:12)
  4 skeletal warriors
  A skyshark (Lair:4)
  A lindwurm (Lair:5)
  An orc knight (Lair:5)
  A deep elf pyromancer (D:12)
  2 orc sorcerers
  A cyclops (Lair:5)
  2 manticores
  13 elephants
  An ice statue (Gauntlet)
  A black mamba (Lair:4)
  A molten gargoyle (Volcano)
  Maggie (D:7)
  4 cane toads
  6 torpor snails
  4 gargoyles
  A kobold demonologist (D:10)
  Jeremiah (D:7)
  2 rime drakes (Gauntlet)
  An unseen horror (D:11)
  An efreet (Volcano)
  6 komodo dragons
  4 trolls
  Prince Ribbit (D:7)
  7 blink frogs
  8 slime creatures
  3 shadows (Gauntlet)
  6 wyverns
  2 fire elementals (Volcano)
  4 fire bats (Volcano)
  32 yaks
  Grum (D:9)
  4 basilisks
  2 wargs (Lair:5)
  4 steam dragons
  5 vampire mosquitoes
  Menkaure (D:7)
  2 acid dragons
  19 water moccasins
  4 black bears
  15 orc warriors
  3 ice beasts (D:7)
  6 wolves
  8 ogres
  2 centaurs (D:11)
  2 phantoms
  A kobold brigand (D:9)
  15 bullfrogs
  A gnoll sergeant (D:10)
  7 scorpions
  7 wights
  A burial acolyte (D:9)
  7 killer bees
  2 howler monkeys (D:7)
  6 lava snakes (Volcano)
  3 jellies
  4 orc priests
  A bombardier beetle (D:4)
  2 hounds
  2 gnoll boudas
  3 sleepcaps
  8 iguanas
  5 orc wizards
  A howler monkey zombie (D:9)
  17 gnolls
  7 adders
  3 white imps
  A ribbon worm (D:3)
  61 orcs
  9 bats
  4 endoplasms
  6 giant cockroaches
  8 goblins
  5 hobgoblins
  14 kobolds
  2 quokkas
  7 ball pythons
  5 frilled lizards
  4 rats
447 creatures vanquished.

Vanquished Creatures (others)
  A human (D:9)
  A gnoll (D:7)
2 creatures vanquished.

Grand Total: 449 creatures vanquished

Notes
Turn   | Place    | Note
-------+----------+-------------------------------------------
     0 | D:1      | Colgate the Vampire Shapeshifter began the quest for the
                  | Orb.
     0 | D:1      | Reached XP level 1. HP: 14/14 MP: 1/1
    67 | D:1      | Reached skill level 1 in Stealth
   304 | D:1      | Reached XP level 2. HP: 20/20 MP: 2/2
   660 | D:2      | Reached skill level 4 in Unarmed Combat
   761 | D:2      | Gained mutation: You are afflicted with vampirism and can
                  | become a bat while bloodless. [Vampire growth]
   761 | D:2      | Reached XP level 3. HP: 10/25 MP: 3/3
  1631 | D:3      | Reached skill level 5 in Unarmed Combat
  1639 | D:3      | Noticed an ogre
  1748 | D:3      | Reached XP level 4. HP: 31/31 MP: 4/4
  2368 | D:3      | Identified the +8 dagger "Ocyroemp" {spect, rElec rN+ Int-4
                  | Dex+3}
  2396 | D:3      | Noticed a scorpion
  2408 | D:3      | Killed a scorpion
  2409 | D:3      | Reached XP level 5. HP: 36/36 MP: 5/5
  2538 | D:3      | Found a shimmering blue altar of Sif Muna.
  2621 | D:4      | Reached skill level 5 in Shapeshifting
  2694 | D:4      | Found Telohahu's Vocational Training.
  2790 | D:4      | Reached XP level 6. HP: 35/42 MP: 6/6
  2917 | D:4      | Found an ornate altar of the Wu Jian Council.
  3213 | D:5      | Entered Level 5 of the Dungeon
  3239 | D:5      | Noticed a water moccasin
  3244 | D:5      | Killed a water moccasin
  3245 | D:5      | Reached XP level 7. HP: 47/47 MP: 7/7
  3429 | D:5      | Reached skill level 1 in Fighting
  3611 | D:5      | Reached skill level 1 in Short Blades
  3923 | D:4      | Found Telohahu's Vocational Training.
  4015 | D:4      | Found an ornate altar of the Wu Jian Council.
  4573 | D:6      | Found a staircase to the Ecumenical Temple.
  4586 | Temple   | Entered the Ecumenical Temple
  4599 | Temple   | Became a worshipper of Warmaster Okawaru
  4603 | Temple   | Reached XP level 8. HP: 50/60 MP: 8/8
  4793 | D:6      | Reached skill level 1 in Evocations
  5085 | D:6      | Found a hide-covered altar of Uskayaw.
  5120 | D:7      | Reached skill level 1 in Shields
  5122 | D:7      | Reached * piety under Okawaru
  5122 | D:7      | Noticed Menkaure
  5240 | D:7      | Killed Menkaure
  5314 | D:7      | Found a hazy altar of Hepliaklqana.
  5346 | D:7      | Noticed Jeremiah
  5347 | D:7      | Reached skill level 5 in Fighting
  5394 | D:7      | Killed Jeremiah
  5394 | D:7      | Reached ** piety under Okawaru
  5395 | D:7      | Reached skill level 5 in Dodging
  5501 | D:7      | Identified the +1 robe of Indemnity {Will+}
  5551 | D:7      | Reached XP level 9. HP: 60/68 MP: 7/9
  5905 | D:7      | Noticed Prince Ribbit
  5910 | D:7      | Killed Prince Ribbit
  5938 | D:7      | Noticed Maggie
  5984 | D:7      | Killed Maggie
  5991 | D:7      | Reached *** piety under Okawaru
  6982 | D:8      | Noticed a manticore
  6983 | D:8      | Found a stormy altar of Qazlal.
  7035 | D:8      | Noticed a cyclops
  7040 | D:8      | Noticed a four-headed hydra
  7042 | D:8      | Found a transporter.
  7054 | D:8      | Found a transporter.
  7091 | D:8      | Reached XP level 10. HP: 73/80 MP: 8/10
  7559 | D:9      | Noticed Grum
  7563 | D:9      | Reached **** piety under Okawaru
  7571 | D:9      | Killed Grum
  7830 | D:10     | Entered Level 10 of the Dungeon
  7975 | D:9      | Found Halin's Self-Published Books.
  7994 | D:9      | Found an ancient bone altar of Kikubaaqudgha.
  8316 | D:9      | Reached ***** piety under Okawaru
  8706 | D:10     | Found a radiant altar of Vehumet.
  9122 | D:10     | Noticed an elephant
  9150 | D:10     | Found a staircase to the Orcish Mines.
  9371 | D:10     | Reached skill level 10 in Shapeshifting
  9371 | D:10     | Reached XP level 11. HP: 78/89 MP: 8/11
  9549 | D:10     | Found a transporter.
  9549 | D:10     | Noticed an orc sorcerer
  9557 | D:10     | Noticed a deep elf knight
  9586 | D:10     | Received a gift from Okawaru
  9627 | D:10     | Found a transporter.
  9647 | D:10     | Reached skill level 6 in Unarmed Combat
  9710 | D:10     | Found a staircase to the Lair.
  9800 | D:11     | Found a gate leading to a gauntlet.
  9804 | D:11     | Noticed a two-headed ogre
  9867 | D:11     | Killed a two-headed ogre
  9868 | D:11     | Reached skill level 7 in Unarmed Combat
  9901 | Gauntlet | Entered a Gauntlet
  9901 | Gauntlet | Found a transporter.
  9910 | Gauntlet | Found a transporter.
  9913 | Gauntlet | Found a transporter.
  9914 | Gauntlet | Found a transporter.
  9923 | Gauntlet | Found a transporter.
  9925 | Gauntlet | Found a transporter.
  9926 | Gauntlet | Found a transporter.
  9935 | Gauntlet | Found a transporter.
  9938 | Gauntlet | Found a transporter.
  9939 | Gauntlet | Found a transporter.
  9947 | Gauntlet | Found a transporter.
  9947 | Gauntlet | Noticed a quicksilver ooze
  9950 | Gauntlet | Found a transporter.
  9951 | Gauntlet | Found a transporter.
  9958 | Gauntlet | Noticed a dire elephant
  9959 | Gauntlet | Found a transporter.
 10280 | Gauntlet | Reached skill level 8 in Unarmed Combat
 10390 | Gauntlet | Identified the ring "Feyriorgh" {rF+ Str+2 Int+4 Stlth+}
 10438 | Gauntlet | Identified the ring of Liberty {Fly Int+5 Slay+4}
 10438 | Gauntlet | Noticed a minotaur
 10459 | Gauntlet | HP: 4/89 [minotaur/silver javelin (31)]
 10655 | D:11     | Reached skill level 9 in Unarmed Combat
 10733 | D:11     | Identified the +4 robe of Lichuif {Int+4}
 10783 | D:11     | Received a gift from Okawaru
 10941 | D:11     | Noticed a boulder beetle
 10963 | D:11     | Killed a boulder beetle
 10964 | D:11     | Reached skill level 10 in Unarmed Combat
 11097 | D:11     | Identified the +8 sling of Doors {antimagic, rPois Dex+2}
 11397 | D:12     | Noticed a deep elf pyromancer
 11434 | D:12     | Killed a deep elf pyromancer
 11435 | D:12     | Reached skill level 11 in Unarmed Combat
 11533 | D:12     | Found a transporter.
 11685 | D:12     | Received a gift from Okawaru
 11908 | D:12     | Noticed a skeletal warrior
 11979 | Orc:1    | Entered Level 1 of the Orcish Mines
 12446 | Orc:1    | Reached skill level 12 in Unarmed Combat
 12542 | Orc:1    | Reached XP level 12. HP: 85/95 MP: 9/12
 12873 | D:8      | Found a stormy altar of Qazlal.
 12881 | D:8      | Found a transporter.
 12892 | D:8      | Found a transporter.
 13339 | D:4      | Bought a manual of Invocations for 880 gold pieces
 13573 | Orc:2    | Entered Level 2 of the Orcish Mines
 13573 | Orc:2    | Noticed Erolcha
 13619 | Orc:2    | Reached skill level 1 in Invocations
 13678 | Orc:2    | Found a radiant altar of Vehumet.
 14026 | Lair:1   | Entered Level 1 of the Lair of Beasts
 14152 | Lair:1   | Reached skill level 5 in Invocations
 14412 | Lair:1   | You fall into a shaft and drop 1 floor!
 14430 | Lair:2   | Found a sacrificial altar of Ru.
 14461 | Lair:2   | Received a gift from Okawaru
 14481 | Lair:2   | Found a dark tunnel.
 14496 | Volcano  | Entered a volcano
 14796 | Volcano  | Found a burning altar of Makhleb.
 14914 | Volcano  | Noticed a stone giant
 14927 | Volcano  | Killed a stone giant
 14928 | Volcano  | Reached skill level 10 in Invocations
 15172 | Lair:1   | Received a gift from Okawaru
 15773 | D:12     | Found a transporter.
 16200 | D:12     | Noticed Sonja
 16317 | D:12     | Killed Sonja
 17064 | Lair:2   | Noticed Erica
 17084 | Lair:2   | Killed Erica
 17085 | Lair:2   | Reached XP level 13. HP: 101/101 MP: 20/22
 17252 | Lair:2   | Received a gift from Okawaru
 17745 | Lair:2   | Found a hole to the Spider Nest.
 18058 | Lair:3   | Identified the +4 falchion of Colgate's Slow Death {heavy,
                  | rElec rF+ Dex+3}
 18141 | Lair:3   | Found a staircase to the Swamp.
 18177 | Lair:3   | Reached skill level 13 in Unarmed Combat
 19631 | Lair:3   | Received a gift from Okawaru
 20348 | Lair:4   | Received a gift from Okawaru
 20470 | Lair:4   | Reached skill level 14 in Unarmed Combat
 20578 | Lair:4   | Reached skill level 5 in Stealth
 20673 | Lair:4   | Found a snail-covered altar of Cheibriados.
 20788 | Lair:4   | Reached ****** piety under Okawaru
 20789 | Lair:4   | Acquired the +3 pair of gauntlets of War {Slay+5}
 20789 | Lair:4   | Received a gift from Okawaru
 20789 | Lair:4   | Found the +3 pair of gauntlets of War {Slay+5}
 21026 | Lair:4   | Found a staircase to the Slime Pits.
 21499 | Lair:4   | Received a gift from Okawaru
 21884 | D:6      | Acquired the +1 double sword of Mufih {freeze, rN+ Dex+3}
 21884 | D:6      | Received a gift from Okawaru
 21888 | D:6      | Fell from the grace of Okawaru
 21888 | D:6      | Became a worshipper of Uskayaw the Reveller
 22111 | Lair:5   | Entered Level 5 of the Lair of Beasts
 22236 | Lair:5   | Reached * piety under Uskayaw
 22242 | Lair:5   | Reached ** piety under Uskayaw
 22274 | Lair:5   | Reached skill level 10 in Fighting
 22297 | Lair:5   | Noticed Snorg
 22413 | Lair:5   | Reached XP level 14. HP: 110/110 MP: 23/23
 22465 | Lair:5   | Reached *** piety under Uskayaw
 22541 | Lair:5   | Reached **** piety under Uskayaw
 22547 | Lair:5   | Reached ***** piety under Uskayaw
 22790 | Lair:5   | Noticed a frost giant
 22790 | Lair:5   | Noticed a fire giant
 22794 | Lair:5   | HP: 2/111 [merfolk impaler/+4 trident of venom[the fury of
                  | Okawaru] (16)]
 22794 | Lair:5   | Killed from afar by a fire giant

Illustrated notes

Levels and vault maps discovered:
D:1:      minmay_arrival_four_houses, layout_loops_cross
D:2:      layout_loops_ring
D:3:      minmay_razor_zed, layout_basic, led_sif_pool
D:4:      layout_basic, lemuel_tele_altar, nicolae_shop_vocational
D:5:      layout_rooms, serial_rivers, chequers_serial_rivers_room_a,
          chequers_serial_rivers_micro_e, chequers_serial_rivers_micro_d,
          chequers_serial_rivers_room_a, chequers_serial_rivers_room_b
D:6:      layout_cave_pools, general_overflow_altar,
          minmay_temple_entry_nine_rooms
D:7:      layout_basic, nicolae_hepliaklqana_hazy_memory, uniq_jeremiah,
          uniq_maggie, uniq_prince_ribbit1, uniq_menkaure
D:8:      layout_basic, gammafunk_temple_overflow_arena
D:9:      layout_gridville, tgw_kikubaaqudgha, grunt_decor_junction,
          chequers_serial_rivers_micro_a, nicolae_custom_books, uniq_grum
D:10:     gammafunk_wand_slinger, layout_loops_ring, overflow_temple_1_default,
          grunt_lair_entry_orc_guard_hut, david_orc_2
D:11:     layout_rooms, gauntlet_entry_generic
D:12:     layout_basic, nicolae_diode_stairs, uniq_sonja
Temple:   nicolae_temple_bog_church
Lair:1:   layout_roguey, minivault_11, grunt_forest_small_clearing_treed
Lair:2:   layout_gridlike, nicolae_spider_entry_non_spiders, basic_altar,
          lightli_volcano_entry_magma_tube, lemuel_fruit_tree,
          lemuel_fruit_fields, serial_bayou_shore_a, uniq_erica
Lair:3:   layout_chaotic_city, swamp_mist
Lair:4:   beast_lair_carwin_large_2, layout_regular_city, slime_entry_1,
          kennysheep_snail_temple
Lair:5:   due_jungle_book, layout_regular_city, minivault_24, uniq_snorg
Orc:1:    layout_caves, basic_altar
Orc:2:    st_orc_congregation, layout_caves, lemuel_statue_altar,
          nicolae_shop_clearance, uniq_erolcha, uniq_donald

Skill      XL: |  1  2  3  4  5  6  7  8  9 10 11 12 13 |
---------------+----------------------------------------+-----
Stealth        | 2 4 6 |  6.3
Unarmed Combat | 4 5 12 14 | 14.4
Shapeshifting  | 4 5 7 10 12 | 12.0
Fighting       | 3 5 7 9 10 | 10.3
Short Blades   | 2 |  2.9
Evocations     | 1 2 |  2.3
Shields        | 2 |  2.7
Dodging        | 5 6 7 |  7.7
Armour         | 4 |  4.1
Invocations    | 12 | 12.0

Action                     |  1- 3 |  4- 6 |  7- 9 | 10-12 | 13-15 || total
---------------------------+-------+-------+-------+-------+-------++-------
  Melee: Unarmed           |   122 |    16 |       |   567 |   384 ||  1089
         Bite              |    11 |     5 |    28 |   123 |    84 ||   251
         Punch             |     5 |     2 |       |       |       ||     7
         Dagger            |       |    54 |   206 |   174 |    15 ||   449
         Maw               |       |       |       |     1 |   179 ||   180
  Throw: Boomerang         |       |       |       |       |     2 ||     2
 Invoke: Heroism           |       |       |       |     5 |       ||     5
         Receive Weapon    |       |       |       |       |     1 ||     1
         Receive Armour    |       |       |       |       |     1 ||     1
  Evoke: Wand              |       |       |       |     6 |       ||     6
    Use: Scroll            |       |     5 |     6 |     7 |     7 ||    25
         Potion            |       |       |       |     3 |     7 ||    10
   Stab: Sleeping          |     2 |       |       |     5 |     7 ||    14
         Distracted        |       |     1 |     1 |     6 |     1 ||     9
         Petrified         |       |       |       |       |     3 ||     3
         Paralysed         |       |       |       |       |     6 ||     6
 Armour: Leather armour    |    18 |       |       |       |       ||    18
         Animal skin       |     2 |       |       |       |       ||     2
         Ring mail         |    23 |       |       |       |       ||    23
         Chain mail        |    12 |     3 |       |       |       ||    15
         Scale mail        |       |    28 |    87 |   120 |       ||   235
         Steam dragon scal |       |       |    16 |       |       ||    16
         Skin              |       |       |       |   231 |   289 ||   520
  Dodge: Dodged            |    50 |    20 |    71 |   514 |   218 ||   873
  Block: Buckler           |       |     2 |    32 |    48 |    87 ||   169
   Form: Beast             |     1 |     1 |     1 |     2 |       ||     5
                           |     1 |       |       |     2 |       ||     3
         Flux              |       |       |     1 |     4 |       ||     5
         Maw               |       |       |       |     2 |       ||     2
